 Seeded DCSS version 0.28-a0-804-g60983d4ba9 (webtiles) character file.

Game seed: 20211107 (custom seed)

22 cheechan the Skirmisher (level 2, -3/28 HPs)
             Began as a Naga Fighter on Nov 7, 2021.
             Slain by Sigmund (11 damage)
             ... on level 2 of the Dungeon.
             The game lasted 00:01:58 (475 turns).

cheechan the Skirmisher (Naga Fighter)               Turns: 475, Time: 00:01:58

Health: -3/28      AC:  4    Str: 18    XL:     2   Next: 91%
Magic:  2/2        EV:  7    Int:  8    God:
Gold:   45         SH:  4    Dex: 10    Spells: 1/1 levels left

rFire   . . .      SeeInvis +   a - +0 war axe
rCold   . . .      Faith    .   c - +0 buckler
rNeg    . . .      Spirit   .   b - +0 scale mail
rPois   +          Reflect  .   (no helmet)
rElec   .          Harm     .   (no cloak)
rCorr   .          Rampage  .   (no gloves)
Will    .....                   (no barding)
Stlth   ..........              (no amulet)
HPRegen 0.09/turn               (no ring)
MPRegen 0.08/turn               (no ring)

@: mighty, very slow
A: AC +0, large, see invisible, deformed body, poison resistance, slowness 2,
spit poison 1, naga tail 1
a: Spit Poison


You were on level 2 of the Dungeon.
You visited 1 branch of the dungeon, and saw 2 of its levels.

You collected 45 gold pieces.

Inventory:

Hand Weapons
 a - a +0 war axe (weapon)
Armour
 b - a +0 scale mail (worn)
 c - a +0 buckler (worn)
Scrolls
 g - a scroll of identify
Potions
 e - a potion of invisibility
 f - a potion of haste


   Skills:
 + Level 3.4 Fighting
 + Level 2.1 Axes
 + Level 2.6 Armour
 + Level 0.1 Dodging
 + Level 2.6 Shields


You had one spell level left.
You didn't know any spells.
Your spell library contained the following spells:

 Spells                   Type           Power      Damage    Failure   Level
 Call Canine Familiar     Summ           0%         N/A       99%         3
 Portal Projectile        Hex/Tloc       0%         N/A       99%         3
 Leda's Liquefaction      Hex/Erth       0%         N/A       100%        4


Dungeon Overview and Level Annotations

Branches:
Dungeon (2/15)

Altars:

Annotations:
D:2 Sigmund


Innate Abilities, Weirdness & Mutations

Your serpentine skin is tough. (AC +0)
You have supernaturally acute eyesight. (SInv)
Armour fits poorly on your strangely shaped body.
Your system is resistant to poisons. (rPois)
You cover ground very slowly.
You can spit poison.
You have a snake-like lower body.


Message History

The splash of poison hits Sigmund!
Sigmund is moderately wounded.
Sigmund hits you from afar with a +0 scythe.
Sigmund hits you with a +0 scythe.
You barely miss Sigmund.
Sigmund is moderately wounded.
Sigmund casts a spell at you. You resist with significant effort.
You barely miss Sigmund.
Sigmund is moderately wounded.
You have got your breath back.
Sigmund hits you but does no damage.
You hit Sigmund.
Sigmund is heavily wounded.
Sigmund hits you with a +0 scythe.
Abil: Spit Poison
Press: ? - help, Q - select action Shift-Dir - straight line, f/p - Sigmund
Aim: Sigmund, wielding a +0 scythe and wearing a +2 robe of the Archmagi (heavily wounded)
The splash of poison misses Sigmund.
Sigmund barely misses you.
You barely miss Sigmund.
Sigmund is heavily wounded.
Sigmund hits you with a +0 scythe!
* * * LOW HITPOINT WARNING * * *
You feel very mighty all of a sudden.
You barely miss Sigmund.
Sigmund is heavily wounded.
Sigmund casts a spell at you. The puff of flame misses you.
You block Sigmund's attack.
You slash Sigmund!
Sigmund is severely wounded.
You have got your breath back.
Sigmund barely misses you.
You completely miss Sigmund.
Sigmund is severely wounded.
Sigmund closely misses you.
You closely miss Sigmund.
Sigmund is severely wounded.
Sigmund hits you with a +0 scythe!
You die...

##. .... ....##
...... #### ......#
#..# ....... #..#
.<.....####.[######
#............#
##@$###......#
###@.# #^.....#
.....###......#
.........>.....#
........###.[....#
........###.##.###
..........#.##.#
........#.#....#
#....###


You could see Sigmund.

Vanquished Creatures
  4 endoplasms (D:1)
  A giant cockroach (D:2)
  A hobgoblin (D:1)
  6 jackals (D:1)
  2 ball pythons (D:1)
  A bat (D:1)
  A goblin (D:1)
  A kobold (D:1)
  3 rats (D:1)
20 creatures vanquished.

Notes
Turn   | Place    | Note
-------+----------+-------------------------------------------
     0 | D:1      | cheechan the Naga Fighter began the quest for the Orb.
     0 | D:1      | Reached XP level 1. HP: 21/21 MP: 1/1
   124 | D:1      | Reached XP level 2. HP: 27/28 MP: 2/2
   461 | D:2      | Noticed Sigmund
   475 | D:2      | Slain by Sigmund

Illustrated notes

Levels and vault maps discovered:
D:1:      minmay_arrival_up_and_down, layout_rooms,
          chequers_hall_statues_corner_a
D:2:      layout_rooms, basic_altar, minmay_misc_feat_rows,
          chequers_serial_rivers_micro_c, uniq_sigmund

Action                   || total
-------------------------++-------
Melee: War axe           ||    64
 Abil: Spit Poison       ||     3
  Use: Scroll            ||     2
       Potion            ||     1
Armor: Scale mail        ||    33
Dodge: Dodged            ||    33
Block: Buckler           ||    17

Table legend: (Time is in decaauts)
 A = Elapsed time spent in this place.
 B = Non-inter-level travel time spent in this place.
 C = Inter-level travel time spent in this place.
 D = Time resting spent in this place.
 E = Time spent auto-exploring this place.
 F = Levels seen in this place.
 G = Mean time per level.
                   A        B        C        D        E       F      G
               +--------+--------+--------+--------+--------+-----+--------+
         Total |    656 |    656 |      0 |      0 |      0 |   2 |  328.0 |
       Dungeon |    656 |    656 |      0 |      0 |      0 |   2 |  328.0 |
               +--------+--------+--------+--------+--------+-----+--------+

Top non-repeatable levels by time:
     D:1: 557 daAuts
     D:2: 99 daAuts
